 Dungeon Crawl Stone Soup version 0.30-a0-883-g5ad918d77d (webtiles) character file.

Game seed: 4620896346578044442

50162 Firecrotchwizard the Fencer (level 14, -1/96 HPs)
             Began as a Tengu Berserker on Mar 17, 2023.
             Was a High Priest of Trog.
             Succumbed to Nessos's poison
             ... on level 11 of the Dungeon.
             The game lasted 00:54:04 (21613 turns).

Firecrotchwizard the Fencer (Tengu Berserker)      Turns: 21613, Time: 00:54:04

Health: -1/96      AC: 25    Str: 27    XL:     14   Next: 54%
Magic:  15/15      EV: 16    Int:  7    God:    Trog [*****.]
Gold:   1403       SH:  4    Dex: 16    Spells: 13/13 levels left

rFire   . . .      SeeInvis +    q - +3 demon blade (flame)
rCold   . . .      Faith    .    W - +0 buckler
rNeg    . . .      Spirit   .    o - +1 storm dragon scales
rPois   .          Reflect  .    Q - +2 hat {SInv}
rElec   +          Rampage  .    i - +2 cloak
rCorr   .                        (no gloves)
Will    +....                    (boots unavailable) Stlth
                                 (no amulet)
HPRegen 0.36/turn                A - +4 ring of protection
MPRegen 0.14/turn                j - +6 ring of strength

@: lethally poisoned (-1 -> -34), flying quickly and evasively, quick
A: beak, talons 3, nimble flight
a: Renounce Religion, Berserk, Trog's Hand, Brothers in Arms


You were on level 11 of the Dungeon.
You worshipped Trog.
Trog was extremely pleased with you.
You visited 2 branches of the dungeon, and saw 17 of its levels.

You collected 1403 gold pieces.

Inventory:

Hand Weapons
 a - a +3 great sword
   (You took it off a wight on level 9 of the Dungeon)
 b - a +1 rapier of venom
   (You found it on level 5 of the Lair of Beasts)
 q - a +3 demon blade of flaming (weapon)
   (Trog gifted it to you on level 12 of the Dungeon)
 r - a +3 heavy triple sword
   (Trog gifted it to you on level 3 of the Lair of Beasts)
 t - a +3 falchion of holy wrath
   (You found it on level 4 of the Dungeon)
 O - the +3 dagger "Goblinslayer" {heavy, rN++}
   (You found it on level 11 of the Dungeon)

   rN:        It greatly protects you from negative energy.
Missiles
 g - 22 stones
 k - 7 curare-tipped darts
 m - 8 javelins (quivered)
 u - 2 throwing nets {!d}
 v - 5 atropa-tipped darts
 C - 3 boomerangs
 L - 24 poisoned darts
 Z - 2 boomerangs of dispersal {=f}
Armour
 i - a +2 cloak (worn)
   (You found it on level 1 of the Dungeon)
 o - +1 storm dragon scales (worn)
   (You found it on level 2 of the Dungeon)
 Q - a +2 hat of see invisible (worn)
   (You took it off Gastronok on level 1 of the Lair of Beasts)
 S - a +0 tower shield
   (You found it on level 5 of the Lair of Beasts)
 W - a +0 buckler (worn)
   (You found it on level 5 of the Lair of Beasts)
Jewellery
 d - a ring of magical power {MP+9}
   (You found it on level 10 of the Dungeon)
 f - a ring of fire {rF+, rC-}
   (You found it on level 8 of the Dungeon)
 j - a +6 ring of strength (right hand)
   (You found it on level 2 of the Lair of Beasts)
 x - a ring of resist corrosion
   (You took it off Dowan on level 7 of the Dungeon)
 A - a +4 ring of protection (left hand)
   (You found it on level 1 of the Dungeon)
 F - a ring of protection from fire {rF+, !d}
   (You found it on level 3 of the Lair of Beasts)
 T - the ring "Midegg" {rCorr Dex+2}
   (You found it on level 2 of the Lair of Beasts)

   [ring of resist corrosion]

   Dex:       It affects your dexterity (+2).
   rCorr:     It protects you from acid and corrosion.
Wands
 e - a wand of charming (9)
   (You found it on level 8 of the Dungeon)
 y - a wand of mindburst (8)
   (You found it on level 11 of the Dungeon)
Scrolls
 h - 2 scrolls of fog
 n - a scroll of identify {@r1}
 p - 3 scrolls of poison {!r}
 D - 4 scrolls of blinking {!r}
 E - a scroll of fear
 K - 4 scrolls of immolation {!r}
 V - 5 scrolls of vulnerability {!r!r}
 X - a scroll of magic mapping {@r4!r}
 Y - 7 scrolls of teleportation {@r3}
Potions
 c - 5 potions of attraction {!q}
 l - 2 potions of might
 B - 8 potions of brilliance
 G - 2 potions of ambrosia {!q}
 H - 3 potions of haste
 I - 2 potions of invisibility
 J - 7 potions of curing {@q1}
 M - a potion of magic
 N - 3 potions of heal wounds {@q2}
 P - 3 potions of lignification {!q}
 R - 4 potions of resistance
 U - 4 potions of mutation {!q}
Miscellaneous
 s - a tin of tremorstones (2/2)
   (You found it on level 3 of the Lair of Beasts)
 w - a phial of floods
   (You found it on level 8 of the Dungeon)
 z - a box of beasts
   (You found it on level 10 of the Dungeon)


   Skills:
 + Level 14.0 Fighting
 - Level 18.4 Long Blades
 - Level 10.2 Armour
 - Level 10.1 Dodging
 + Level 1.0 Shields


You had 13 spell levels left.
You didn't know any spells.
Your spell library was empty.

Dungeon Overview and Level Annotations

Branches:
Dungeon (12/15)            Temple (0/1) D:6            Lair (5/5) D:10
 Shoals (0/4) Lair:2       Spider (0/4) Lair:3
  Slime: Lair:4-5       Orc: D:9-12

Altars:
Elyvilon
Gozag
Hepliaklqana
Trog
Vehumet
Xom
Zin
The Shining One

Shops:
D:7 *

Annotations:
D:2 Sigmund
D:3 1 runed translucent door, Crazy Yiuf
D:6 1 runed translucent door, jasper's ghost, novice DsGl
D:12 Nessos
Lair:3 exclusion: oklob plant
Lair:4 exclusion: oklob plant


Innate Abilities, Weirdness & Mutations

You have a beak for a mouth.
You have claws for feet.
Your magical nature lets you fly swiftly and evasively.


Message History

There is a stone staircase leading down here.
You fly downwards.
There is a stone staircase leading up here.
Found a stone staircase leading up.
There is a stone staircase leading up here.
You now have 1403 gold pieces (gained 12).
A gargoyle comes into view. It is wielding a +0 dire flail.
You start waiting.
A gargoyle is nearby!
You barely miss the gargoyle. Your kick misses the gargoyle.
You hit the gargoyle but do no damage.
You claw the gargoyle, but do no damage.
The gargoyle hurls a stone arrow at you.
The stone arrow hits you!
You take 9 damage, and have 87/96 hp.
You slash the gargoyle! You burn the gargoyle! You claw the gargoyle.
You hit the gargoyle but do no damage. You claw the gargoyle.
You destroy the gargoyle!
Trog accepts your kill.
Your Shields skill increases to level 1!
You see here a +0 dire flail.
Found a stone staircase leading up.
Health restored: 96
There is a stone staircase leading up here.
Nessos the Markscentaur comes into view.
They are carrying a wand of charming (4).
Nessos shouts!
Nessos mumbles some strange words.
Nessos blinks!
Nessos mumbles some strange words.
Nessos seems to speed up.
Nessos pounds the earth with their hooves.
Nessos wields a +2 longbow of flaming.
It bursts into flame!
Nessos shoots an arrow.
The arrow hits you! The arrow burns you.
You are poisoned.
Nessos zaps a wand.
You easily resist.
You hear a shout!
You take 12 damage, and have 84/96 hp.
A cyclops comes into view.
You feel very sick.
The cyclops shouts!
Nessos unwields a +2 longbow of flaming.
It stops flaming.
Nessos closely misses you. Nessos kicks you but does no damage.
You take 4 damage, and have 80/96 hp.
You slash Nessos! You burn Nessos. You claw Nessos, but do no damage.
You peck Nessos.
You feel very sick.
Nessos mumbles some strange words.
Nessos blinks!
Nessos wields a +2 longbow of flaming.
It bursts into flame!
Nessos shoots an arrow.
The arrow barely misses you.
You take 3 damage, and have 77/96 hp.
Okay, then.
Unknown command.
You feel very sick.
You take 4 damage, and have 73/96 hp.
You feel sick.
Nessos shoots an arrow.
The arrow barely misses you.
Nessos shoots an arrow.
The arrow hits you!! The arrow burns you.
You are more poisoned.
You take 22 damage, and have 51/96 hp.
MASSIVE DAMAGE!!
You feel very sick.
Nessos shoots an arrow.
The arrow hits you but does no damage.
You take 5 damage, and have 46/96 hp.
You feel better.
Nessos shoots an arrow.
The arrow hits you! The arrow burns you.
You are poisoned.
Nessos shoots an arrow.
You block the arrow.
Nessos shoots an arrow.
The arrow hits you but does no damage.
Unknown command.
You feel very sick.
Nessos shoots an arrow.
The arrow hits you!!
* * * LOW HITPOINT WARNING * * *
The arrow burns you.
You are lethally poisoned!
* * * LOW HITPOINT WARNING * * *
Nessos mumbles some strange words.
Nessos blinks!
You take 22 damage, and have 24/96 hp.
MASSIVE DAMAGE!!
You feel much better.
You feel extremely sick.
Nessos zaps a wand.
You easily resist.
You regained 14 hp, and now have 38/96 hp.
You feel very sick.
Nessos shoots an arrow.
The arrow hits you but does no damage.
Nessos shoots an arrow.
The arrow hits you!
* * * LOW HITPOINT WARNING * * *
The arrow burns you.
You are more poisoned.
* * * LOW HITPOINT WARNING * * *
There is a stone staircase leading up, spattered with blood here.
You take 19 damage, and have 19/96 hp.
* * * LOW HITPOINT WARNING * * *
You feel extremely sick.
Nessos gestures wildly while chanting.
Nessos blinks!
You fly upwards.
You die...

#.#.# #.# ###.#>#
#.# ......# #.#
###.### #.# #.#
#.# #.# #.# #.#
#######.# #.#
#.......# #.#
#@####### #.#
###.### #.#
#.....#
#.##########.....#
#................#
############.....#
#.....# #######


There were no monsters in sight!

Vanquished Creatures
  Gastronok (Lair:1)
  Kirke (Lair:3)
  3 hydras
  3 catoblepae (Lair:5)
  2 two-headed ogres (D:8)
  A boulder beetle (D:7)
  7 death yaks (Lair:5)
  A skyshark (Lair:5)
  A flayed ghost (D:10)
  A deep elf pyromancer (D:12)
  An ugly thing (D:11)
  5 elephants (Lair:5)
  4 manticores
  3 black mambas
  A gargoyle (D:12)
  A demonic crawler (Lair:2)
  Joseph (D:7)
  12 cane toads
  A torpor snail (Lair:3)
  An unseen horror (D:10)
  2 komodo dragons
  A kobold demonologist (D:11)
  2 rime drakes
  3 trolls
  2 polar bears
  2 merfolk
  4 dream sheep (Lair:3)
  7 blink frogs (Lair:5)
  3 shadows
  3 wraiths (D:10)
  55 yaks
  7 wyverns
  A hog (D:8)
  Eustachio (D:6)
  4 fire bats (D:10)
  A redback (Lair:3)
  A basilisk (Lair:1)
  2 vampire mosquitoes (D:8)
  4 steam dragons
  2 swamp worms (Lair:2)
  14 water moccasins
  Duvessa (D:7)
  8 black bears (D:8)
  An ice beast (D:7)
  9 orc warriors
  2 ogres (D:4)
  A centaur (D:7)
  22 wolves
  A kobold brigand (D:8)
  A phantom (D:6)
  17 bullfrogs
  2 gnoll sergeants (D:8)
  3 scorpions
  4 wights (D:9)
  Dowan (D:7)
  9 killer bees
  22 electric eels
  4 howler monkeys
  6 hounds
  5 orc priests
  5 gnoll boudas (D:8)
  4 jellies
  2 sleepcaps
  2 iguanas
  Terence (D:3)
  4 hell rats (Lair:3)
  16 orc wizards
  Robin (D:2)
  A gnoll (D:8)
  2 adders
  A shadow imp (D:7)
  An ufetubus (D:5)
  2 worms
  3 dart slugs
  36 orcs
  8 endoplasms
  3 giant cockroaches
  12 goblins
  20 hobgoblins
  6 jackals
  2 quokkas
  4 ball pythons
  11 bats
  6 frilled lizards
  12 kobolds
  5 rats
  A spectral orc (D:4)
462 creatures vanquished.

Vanquished Creatures (collateral kills)
  Rupert (Lair:3)
  A polar bear (Lair:3)
2 creatures vanquished.

Vanquished Creatures (others)
  A yak (Lair:3)
  A human (Lair:3)
  33 fungi
  107 plants
142 creatures vanquished.

Grand Total: 606 creatures vanquished

Notes
Turn   | Place    | Note
-------+----------+-------------------------------------------
     0 | D:1      | Firecrotchwizard the Tengu Berserker began the quest for
                  | the Orb.
     0 | D:1      | Reached XP level 1. HP: 14/14 MP: 2/2
   328 | D:1      | Reached XP level 2. HP: 19/19 MP: 3/3
   904 | D:1      | Reached XP level 3. HP: 23/23 MP: 4/4
  1320 | D:2      | Found a faded altar of an unknown god.
  1428 | D:2      | Noticed Robin
  1488 | D:2      | Reached ** piety under Trog
  1540 | D:2      | Reached skill level 3 in Armour
  1555 | D:2      | Reached XP level 4. HP: 26/28 MP: 5/5
  1573 | D:2      | Killed Robin
  1676 | D:2      | Reached skill level 3 in Dodging
  1808 | D:2      | Noticed Sigmund
  1873 | D:3      | Noticed Terence
  1877 | D:3      | Killed Terence
  1878 | D:3      | Reached skill level 4 in Long Blades
  1954 | D:3      | Gained mutation: Your magical nature lets you fly swiftly
                  | and evasively. [Tengu growth]
  1954 | D:3      | Reached XP level 5. HP: 33/33 MP: 6/6
  2541 | D:3      | Found a runed translucent door.
  2542 | D:3      | Noticed Crazy Yiuf
  2682 | D:4      | Reached *** piety under Trog
  2863 | D:4      | Noticed an ogre
  2863 | D:4      | Noticed an ogre
  2870 | D:4      | HP: 11/49 [ogre/+0 giant club (10)]
  2871 | D:4      | Killed an ogre
  2872 | D:4      | Reached skill level 4 in Fighting
  2872 | D:4      | Reached XP level 6. HP: 13/38 MP: 7/7
  2876 | D:4      | Reached skill level 4 in Armour
  2878 | D:4      | Reached skill level 4 in Dodging
  3053 | D:4      | Reached skill level 5 in Long Blades
  3053 | D:4      | Reached XP level 7. HP: 41/44 MP: 8/8
  3087 | D:4      | Found a hazy altar of Hepliaklqana.
  3208 | D:5      | Entered Level 5 of the Dungeon
  3967 | D:6      | Noticed Eustachio
  3985 | D:6      | Killed Eustachio
  3986 | D:6      | Reached skill level 5 in Fighting
  3986 | D:6      | Reached skill level 5 in Armour
  3986 | D:6      | Reached skill level 5 in Dodging
  4144 | D:6      | Reached XP level 8. HP: 43/49 MP: 9/9
  4316 | D:6      | Reached skill level 6 in Long Blades
  4631 | D:6      | Found a runed translucent door.
  4635 | D:6      | Found a shimmering altar of Xom.
  4635 | D:6      | Noticed a +0 scimitar of chaos
  4635 | D:6      | Noticed jasper's ghost (novice DsGl)
  4807 | D:6      | Found a staircase to the Ecumenical Temple.
  5103 | D:7      | Noticed Joseph
  5123 | D:7      | Noticed a boulder beetle
  5128 | D:7      | Killed Joseph
  5129 | D:7      | Reached skill level 6 in Fighting
  5129 | D:7      | Reached skill level 6 in Armour
  5129 | D:7      | Reached skill level 6 in Dodging
  5139 | D:7      | Killed a boulder beetle
  5140 | D:7      | Reached skill level 7 in Long Blades
  5140 | D:7      | Reached XP level 9. HP: 34/56 MP: 10/10
  5285 | D:7      | Reached skill level 7 in Armour
  5302 | D:7      | Reached **** piety under Trog
  5339 | D:7      | Noticed Duvessa
  5436 | D:7      | Noticed Dowan
  5503 | D:7      | Killed Dowan
  5504 | D:7      | Reached skill level 7 in Dodging
  5506 | D:7      | Killed Duvessa
  5674 | D:7      | HP: 9/56 [orc priest/divine providence (14)]
  5875 | D:7      | Reached skill level 7 in Fighting
  5881 | D:7      | Found Baticas's General Store.
  6203 | D:8      | Reached skill level 8 in Long Blades
  6322 | D:8      | Reached XP level 10. HP: 58/63 MP: 11/11
  6378 | D:8      | Reached skill level 8 in Armour
  6432 | D:8      | Reached skill level 8 in Dodging
  6511 | D:8      | HP: 16/64 [merfolk/+0 trident (14)]
  6516 | D:8      | HP: 8/96 [merfolk/+0 trident (7)]
  6838 | D:8      | Reached skill level 8 in Fighting
  7037 | D:8      | Found a radiant altar of Vehumet.
  7132 | D:8      | HP: 13/64 [orc warrior/+2 heavy battleaxe (25)]
  7468 | D:8      | Reached skill level 9 in Long Blades
  7585 | D:8      | Noticed a manticore
  7601 | D:8      | Killed a manticore
  7603 | D:8      | HP: 11/65 [vampire mosquito (7)]
  7614 | D:8      | Reached skill level 9 in Armour
  7615 | D:8      | Reached skill level 9 in Dodging
  8046 | D:8      | Noticed a two-headed ogre
  8053 | D:8      | Reached XP level 11. HP: 69/69 MP: 12/12
  8054 | D:8      | Killed a two-headed ogre
  8055 | D:8      | Reached skill level 9 in Fighting
  8136 | D:8      | Noticed a two-headed ogre
  8145 | D:8      | Killed a two-headed ogre
  8229 | D:8      | Reached skill level 10 in Long Blades
  8420 | D:8      | Noticed a manticore
  8432 | D:8      | Killed a manticore
  8882 | D:9      | Reached skill level 10 in Armour
  8991 | D:9      | Reached skill level 10 in Dodging
  9014 | D:9      | Reached ***** piety under Trog
  9925 | D:10     | Entered Level 10 of the Dungeon
 10022 | D:10     | Reached skill level 11 in Long Blades
 10047 | D:10     | Reached skill level 10 in Fighting
 10109 | D:10     | Found a staircase to the Lair.
 10115 | D:10     | Noticed a six-headed hydra
 10736 | D:10     | Reached XP level 12. HP: 77/77 MP: 13/13
 10750 | D:10     | Found a bloodstained altar of Trog.
 10777 | D:10     | Reached skill level 12 in Long Blades
 10869 | D:10     | Found a runed translucent door.
 10881 | D:10     | Found an opulent altar of Gozag.
 10897 | D:10     | Found a glowing golden altar of the Shining One.
 10959 | D:10     | Found a bloodstained altar of Trog.
 10980 | D:10     | Found a white marble altar of Elyvilon.
 11030 | D:10     | Found a glowing silver altar of Zin.
 11283 | D:10     | Killed a six-headed hydra
 11452 | D:10     | Reached skill level 13 in Long Blades
 12127 | D:11     | Identified the +3 dagger "Goblinslayer" {heavy, rN++}
 12179 | D:11     | Reached skill level 11 in Fighting
 12429 | D:11     | Found a glowing silver altar of Zin.
 12429 | D:11     | Noticed an angel
 12469 | Lair:1   | Entered Level 1 of the Lair of Beasts
 12775 | Lair:1   | Noticed Gastronok
 12802 | Lair:1   | Killed Gastronok
 13077 | Lair:1   | Reached skill level 14 in Long Blades
 14152 | Lair:2   | Reached XP level 13. HP: 78/85 MP: 14/14
 14453 | Lair:2   | HP: 29/127 [swamp worm (15)]
 14489 | Lair:2   | Identified the ring "Midegg" {rCorr Dex+2}
 14776 | Lair:2   | Reached skill level 12 in Fighting
 14776 | Lair:2   | Reached skill level 15 in Long Blades
 15203 | Lair:2   | Found a staircase to the Shoals.
 15423 | Lair:3   | Found a hole to the Spider Nest.
 16043 | Lair:3   | Received a gift from Trog
 16044 | Lair:3   | Noticed Kirke
 16053 | Lair:3   | Killed Kirke
 16249 | Lair:3   | Noticed Rupert
 16313 | Lair:3   | Killed Rupert
 16314 | Lair:3   | Reached skill level 16 in Long Blades
 17913 | Lair:5   | Entered Level 5 of the Lair of Beasts
 18613 | Lair:5   | Reached skill level 13 in Fighting
 18690 | Lair:5   | Reached skill level 17 in Long Blades
 18741 | Lair:5   | Reached XP level 14. HP: 73/94 MP: 15/15
 18964 | Lair:5   | Identified the +1 chain mail of the Guardian {rN+}
 20178 | Lair:5   | Reached skill level 18 in Long Blades
 20199 | Lair:5   | HP: 22/95 [death yak (20)]
 21103 | D:12     | Received a gift from Trog
 21359 | Lair:5   | Reached skill level 14 in Fighting
 21555 | D:12     | Reached skill level 1 in Shields
 21601 | D:12     | Noticed Nessos
 21609 | D:12     | HP: 24/96 [Nessos/arrow (1)]
 21612 | D:12     | HP: 10/96 [poisoned by Nessos]
 21613 | D:11     | Succumbed to Nessos's poison

Illustrated notes

Levels and vault maps discovered:
D:1:      heliophobic_arrival_ceremonial_halls, layout_basic
D:2:      layout_loops_ring, shapermc_ecumenical_altar_ellora,
          minmay_misc_feat_encased, lightli_corner_chamber, uniq_robin,
          uniq_sigmund
D:3:      layout_basic, uniq_terence, uniq_crazy_yiuf_cottage
D:4:      layout_rooms, nicolae_hepliaklqana_monster_ancestors
D:5:      layout_gridville
D:6:      layout_cave_pods, temple_hall, ebering_ghost_xom, skrybe_limestone_x,
          sigmund_army, uniq_eustachio
D:7:      layout_layer_cave, serial_shops, shop, uniq_duvessa, uniq_joseph
D:8:      kennysheep_town
D:9:      layout_stronghold
D:10:     due_megacathedral, layout_basic, erik_lair_island
D:11:     layout_loops_ring, zin_angel
D:12:     layout_small_grid, david_orc_4, kennysheep_crisscross, uniq_nessos
Lair:1:   layout_gridlike, beast_lair_carwin_3, grunt_megastairs_5,
          serial_bayou_shore_a, uniq_gastronok
Lair:2:   layout_cave_pods, elwin_shoals_entry_rooms, worms_lemuel
Lair:3:   layout_chaotic_city, spider_nest_entry_rubble,
          infiniplex_staircase_pool, uniq_rupert, uniq_kirke
Lair:4:   layout_long_grid, minmay_slime_entry_oklob_enclosed
Lair:5:   evilmike_catoblepas_cave, layout_misc_corridors, grunt_megastairs_3

Skill      XL: |  1  2  3  4  5  6  7  8  9 10 11 12 13 14 |
---------------+-------------------------------------------+-----
Armour         | 3 4 5 6 7 9 10 | 10.2
Dodging        | 3 4 5 6 7 9 10 | 10.1
Long Blades    | 4 5 7 8 9 11 14 17 18 | 18.4
Fighting       | 4 5 6 7 8 10 11 13 14 | 14.0
Shields        | 1 |  1.0

Action                     |  1- 3 |  4- 6 |  7- 9 | 10-12 | 13-15 || total
---------------------------+-------+-------+-------+-------+-------++-------
  Melee: Falchion          |   100 |   102 |   261 |   487 |       ||   950
         Peck              |    11 |    13 |    51 |   187 |   138 ||   400
         Kick              |    17 |    31 |    83 |   293 |   203 ||   627
         Punch             |       |     1 |     2 |     8 |       ||    11
         Great sword       |       |       |       |   270 |   452 ||   722
         Dagger            |       |       |       |    40 |     9 ||    49
         Triple sword      |       |       |       |       |     4 ||     4
         Demon blade       |       |       |       |       |    31 ||    31
         Rapier            |       |       |       |       |     6 ||     6
  Throw: Dart              |       |       |     2 |       |       ||     2
         Stone             |       |       |       |     2 |       ||     2
         Javelin           |       |       |       |       |     1 ||     1
 Invoke: Berserk           |       |     1 |     3 |     7 |     3 ||    14
         Trog's Hand       |       |       |       |     3 |     2 ||     5
         Brothers in Arms  |       |       |       |       |     1 ||     1
  Evoke: Wand              |       |       |       |     2 |       ||     2
    Use: Scroll            |       |       |    14 |     7 |    11 ||    32
         Potion            |       |       |       |       |     2 ||     2
   Stab: Sleeping          |     1 |       |       |       |       ||     1
 Armour: Animal skin       |    13 |       |       |       |       ||    13
         Storm dragon scal |    53 |    52 |   171 |   349 |   227 ||   852
         Chain mail        |    10 |       |       |       |       ||    10
  Dodge: Dodged            |    47 |    36 |   146 |   456 |   303 ||   988
  Block: Buckler           |       |       |       |       |     2 ||     2

Table legend: (Time is in decaauts)
 A = Elapsed time spent in this place.
 B = Non-inter-level travel time spent in this place.
 C = Inter-level travel time spent in this place.
 D = Time resting spent in this place.
 E = Time spent auto-exploring this place.
 F = Levels seen in this place.
 G = Mean time per level.
                   A        B        C        D        E       F      G
               +--------+--------+--------+--------+--------+-----+--------+
         Total |  20450 |  19022 |   1428 |   2653 |  12663 |  17 | 1202.9 |
       Dungeon |  12387 |  11544 |    843 |   1170 |   8045 |  12 | 1032.2 |
          Lair |   8063 |   7478 |    585 |   1483 |   4618 |   5 | 1612.6 |
               +--------+--------+--------+--------+--------+-----+--------+

Top non-repeatable levels by time:
     D:8: 2594 daAuts
  Lair:5: 2325 daAuts
  Lair:2: 1716 daAuts
    D:10: 1497 daAuts
  Lair:3: 1438 daAuts
  Lair:1: 1394 daAuts
     D:6: 1327 daAuts
  Lair:4: 1187 daAuts
     D:9: 1133 daAuts
     D:1: 1052 daAuts
     D:7: 810 daAuts
     D:3: 810 daAuts
     D:2: 805 daAuts
     D:5: 685 daAuts
    D:11: 676 daAuts

Table legend:
 A = Kills in this place as a percentage of kills in the entire game.
 B = Kills by you in this place as a percentage of kills by you in the entire game.
 C = Kills by friends in this place as a percentage of kills by friends in the entire game.
 D = Other kills in this place as a percentage of other kills in the entire game.
 E = Experience gained in this place as a percentage of experience gained in the entire game.
 F = Experience gained in this place divided by the number of levels of this place that you have seen.
                   A       B       C       D       E      F
               +-------+-------+-------+-------+-------+----------------------
         Total | 100.0 | 100.0 | 100.0 |   N/A | 100.0 | 4215.3
       Dungeon |  68.8 |  69.0 |   0.0 |   N/A |  37.6 | 2245.4
          Lair |  31.2 |  31.0 | 100.0 |   N/A |  62.4 | 8943.0
               +-------+-------+-------+-------+-------+----------------------
